 Dungeon Crawl Stone Soup version 0.20.1-1-g8b1a95d (webtiles) character file.

247 Gargoyl the Skirmisher (level 5, -8/48 HPs)
             Began as a Minotaur Abyssal Knight on Oct 21, 2017.
             Was a Believer of Lugonu.
             Mangled by an ogre
             ... wielding a +0 giant club
              (20 damage)
             ... on level 4 of the Dungeon.
             The game lasted 00:04:38 (2753 turns).

Gargoyl the Skirmisher (Minotaur Abyssal Knight)    Turns: 2753, Time: 00:04:39

Health: -8/48      AC: 17    Str: 17    XL:     5   Next: 85%
Magic:  6/6        EV:  7    Int:  9    God:    Lugonu [**....]
Gold:   183        SH:  0    Dex: 10    Spells: 4/4 levels left

rFire    . . .     SeeInvis .   a - +2 hand axe
rCold    . . .     Gourm    .   (no shield)
rNeg     . . .     Faith    .   n - +0 chain mail
rPois    .         Spirit   .   (helmet restricted)
rElec    .         Reflect  .   g - +2 cloak
rCorr    .         Harm     .   (no gloves)
MR       .....                  j - +0 pair of boots
Stlth    ..........             (no amulet)
Regen    0.2/turn               b - +3 ring of protection
MPRegen  0.1/turn               (no ring)

@: no status effects
A: retaliatory headbutt, horns 2
a: Depart the Abyss, Bend Space, Renounce Religion


You were on level 4 of the Dungeon.
You worshipped Lugonu.
Lugonu was pleased with you.
You were not hungry.

You visited 1 branch of the dungeon, and saw 4 of its levels.
You visited the Abyss 1 time.

You collected 183 gold pieces.

Inventory:

Hand Weapons
 a - a +2 hand axe (weapon)
Armour
 g - a +2 cloak (worn)
 j - a +0 pair of boots (worn)
 n - a +0 chain mail (worn)
Jewellery
 b - a +3 ring of protection (left hand)
Scrolls
 k - 2 scrolls of amnesia
 o - a scroll of remove curse
 p - 2 scrolls of identify
Potions
 d - a potion of flight
 e - a potion of brilliance {unknown}
 f - 2 potions of resistance {unknown}
 i - a potion of degeneration {unknown}
 l - a potion of haste {unknown}
 m - a potion of invisibility {unknown}
Comestibles
 c - 3 bread rations
 h - 2 meat rations
 q - a chunk of flesh


   Skills:
 + Level 5.0 Fighting
 + Level 4.3 Axes
 * Level 4.5 Armour
 + Level 1.4 Dodging
 * Level 2.8 Invocations


You had 4 spell levels left.
You didn't know any spells.

Dungeon Overview and Level Annotations

Branches:
Dungeon (4/15)
 Temple: D:4-7

Altars:
Dithmenos
Gozag


Innate Abilities, Weirdness & Mutations

You reflexively headbutt those who attack you in melee.
You have a pair of horns on your head.


Message History

You hit the ogre.
The ogre is moderately wounded.
You hit the ogre.
The ogre is moderately wounded.
The ogre hits you with a giant club!!
You hit the ogre but do no damage.
The ogre is moderately wounded.
The ogre hits you with a giant club!!
* * * LOW HITPOINT WARNING * * *
You hit the ogre. Your headbutt misses the ogre.
The ogre is heavily wounded.
The ogre barely misses you.
You hit the ogre.
The ogre is severely wounded.
The ogre barely misses you.
You see here 13 arrows.
You see here 16 bolts.
You see here a robe.
The ogre hits you with a giant club!!
You die...

#.#
#.
#.###
##
#..<#
###.#
#....
#.#
#####
#.#
#.# .
#O#
#.
#@#
#.
#.#.#
##
#.#
#..
#.#
#+#
##


You could see an ogre.

Vanquished Creatures
  An ogre (D:3)
  A hound (D:4)
  6 adders
  2 worms
  3 dart slugs (D:1)
  3 leopard geckos
  An orc (D:3)
  2 ball pythons
  2 giant cockroaches (D:3)
  9 goblins
  7 hobgoblins
  4 jackals (D:1)
  4 kobolds (D:1)
  A quokka (D:2)
  8 bats
  4 frilled lizards
  4 rats
62 creatures vanquished.

Notes
Turn   | Place    | Note
-------+----------+-------------------------------------------
     0 | Abyss:1  | Gargoyl the Minotaur Abyssal Knight began the quest for the Orb.
     0 | Abyss:1  | Reached XP level 1. HP: 19/19 MP: 1/1
    44 | Abyss:2  | Found a corrupted altar of Lugonu.
   134 | Abyss:2  | Noticed a smoke demon
   135 | D:1      | Escaped the Abyss
   276 | D:1      | Reached skill level 4 in Fighting
   302 | D:1      | Reached XP level 2. HP: 21/27 MP: 2/2
   303 | D:1      | Reached * piety under Lugonu
   791 | D:1      | Reached XP level 3. HP: 33/34 MP: 3/3
  1579 | D:2      | Reached XP level 4. HP: 41/41 MP: 4/4
  2007 | D:3      | Found a shadowy altar of Dithmenos.
  2017 | D:3      | Reached ** piety under Lugonu
  2307 | D:3      | Found an opulent altar of Gozag.
  2322 | D:3      | Noticed an ogre
  2337 | D:3      | Killed an ogre
  2337 | D:3      | Reached skill level 5 in Fighting
  2337 | D:3      | Reached XP level 5. HP: 28/48 MP: 4/6
  2704 | D:4      | Noticed an ogre
  2753 | D:4      | Mangled by an ogre

Skill      XL: |  1  2  3  4  5 |
---------------+----------------+-----
Fighting       | 4 5 |  5.0
Armour         | 3 4 |  4.5
Axes           | 3 4 |  4.3
Invocations    | 2 |  2.8
Dodging        | |  1.4

Action                   |  1- 3 |  4- 6 || total
-------------------------+-------+-------++-------
Melee: Hand axe          |    67 |    65 ||   132
       Headbutt          |    13 |     7 ||    20
Invok: Depart the Abyss  |     1 |       ||     1
  Use: Scroll            |     7 |     1 ||     8
  Eat: Chunk             |     2 |     4 ||     6
Armor: Ring mail         |    23 |       ||    23
       Chain mail        |    38 |    33 ||    71
Dodge: Dodged            |    48 |    30 ||    78
